 Dungeon Crawl Stone Soup version 0.28.0-45-g0d030f2227 (webtiles) character file.

Game seed: 12178444324864145288

1822 psko the Thaumaturge (level 8, 0/37 HPs)
             Began as a Spriggan Conjurer on May 8, 2022.
             Was an Initiate of Ashenzari.
             Succumbed to a gnoll sergeant's poison
             ... on level 6 of the Dungeon.
             The game lasted 00:49:53 (8099 turns).

psko the Thaumaturge (Spriggan Conjurer)            Turns: 8099, Time: 00:49:53

Health: 0/37       AC:  3    Str:  5    XL:     8   Next: 85%
Magic:  18/22      EV: 18    Int: 19    God:    Ashenzari [......]
Gold:   230        SH:  0    Dex: 14    Spells: 17/26 levels left

rFire   . . .      SeeInvis +   C - staff of earth
rCold   . . .      Faith    .   (shield currently unavailable)
rNeg    . . .      Spirit   .   a - +0 robe
rPois   .          Reflect  .   y - +1 hat
rElec   .          Harm     .   (no cloak)
rCorr   +          Rampage  .   (gloves unavailable)
Will    +....                   (boots unavailable)
Stlth   +++.......              v - amulet of magic regeneration
HPRegen 0.12/turn               f - ring of resist corrosion
MPRegen 0.58/turn               (no ring)

@: lethally poisoned (0 -> -3), studying Short Blades, very quick
A: very small, no large weapons, unfitting armour, see invisible, speed 3
a: Renounce Religion, Curse Item


You were on level 6 of the Dungeon.
You worshipped Ashenzari.
Ashenzari was noncommittal.
You visited 2 branches of the dungeon, and saw 8 of its levels.

You collected 290 gold pieces.
You spent 60 gold pieces at shops.

Inventory:

Hand Weapons
 c - a +0 dagger
 d - a +3 whip
 g - a +3 dagger
 D - the +7 great mace "Undeadhunter" {disrupt, rN+}
   (You found it on level 5 of the Dungeon)

   It inflicts significantly more damage against the undead.
   rN:        It protects you from negative energy.
Missiles
 j - 2 boomerangs of dispersal
Armour
 a - a +0 robe (worn)
 x - the +0 helmet of Spite {rC- Int+6 Dex+4}
   (You found it on level 4 of the Dungeon)

   Int:       It affects your intelligence (+6).
   Dex:       It affects your dexterity (+4).
   rC:        It makes you vulnerable to cold.
 y - a +1 hat (worn)
Magical Staves
 A - a staff of death
 C - a staff of earth (weapon)
 E - a staff of cold
Jewellery
 f - a ring of resist corrosion (left hand)
 t - an amulet of the acrobat
 v - an amulet of magic regeneration (around neck)
Wands
 G - a wand of flame (13)
Scrolls
 i - 2 scrolls of blinking
 k - a scroll of vulnerability
 l - a scroll of amnesia
 m - a scroll of acquirement {unknown}
 n - a scroll of torment
 q - 2 scrolls of fear
 s - 2 scrolls of immolation
 u - a scroll of fog {unknown}
 F - a scroll of summoning {unknown}
Potions
 b - a potion of curing {unknown}
 e - a potion of lignification {unknown}
 h - a potion of resistance {unknown}
 o - 2 potions of mutation {unknown}
 p - 2 potions of heal wounds {unknown}
 r - 3 potions of degeneration {unknown}
 w - 4 potions of brilliance {unknown}
 z - a potion of attraction {unknown}
 B - a potion of berserk rage {unknown}


   Skills:
 + Level 0.9 Fighting
 + Level 0.4 Short Blades
 + Level 3.9 Dodging
 + Level 4.3 Stealth
 + Level 9.8 Spellcasting
 + Level 6.2 Conjurations
 + Level 1.1 Summonings
 + Level 0.5 Air Magic
 + Level 0.9 Poison Magic


You had 17 spell levels left.
You knew the following spells:

 Your Spells              Type           Power      Damage    Failure   Level
a - Magic Dart            Conj           100%       1d8       1%          1
b - Searing Ray           Conj           66%        2d6       1%          2
c - Dazzling Flash        Conj/Hex       42%        N/A       6%          3
d - Poisonous Vapours     Pois/Air       24%        N/A       9%          2
e - Summon Small Mammal   Summ           52%        N/A       4%          1

Your spell library contained the following spells:

 Spells                   Type           Power      Damage    Failure   Level
 Corpse Rot               Necr/Air       20%        N/A       11%         2
 Call Canine Familiar     Summ           13%        N/A       14%         3
 Summon Guardian Golem    Hex/Summ       11%        N/A       19%         3
 Fulminant Prism          Conj/Hex       10%        3d9       21%         4
 Iskenderun's Mystic Bla  Conj/Tloc      21%        2d6       21%         4


Dungeon Overview and Level Annotations

Branches:
Dungeon (7/15)             Temple (1/1) D:4

Altars:
Ashenzari
Cheibriados
Dithmenos
Elyvilon
Fedhas
Gozag
Hepliaklqana
Kikubaaqudgha
Makhleb
Nemelex Xobeh
Qazlal
Ru
Sif Muna
Trog
Uskayaw
Wu Jian
Yredelemnul
Zin
The Shining One

Shops:
D:3 ?*

Annotations:
D:4 Natasha
D:5 2 transporters
D:6 Duvessa


Innate Abilities, Weirdness & Mutations

You are very small and have problems with some larger weapons.
You are too small for most types of armour.
You have supernaturally acute eyesight. (SInv)
You cover ground extremely quickly. (Speed+++)


Message History

The gnoll sergeant hits you from afar with a +1 spear of venom!
Casting: Searing Ray (safe; 1% risk of failure)
Confirm with . or Enter, or press ? or * to list all spells.
Aiming: Searing Ray (safe; 1% risk of failure)
Press: ? - help, Shift-Dir - straight line, f/p - gnoll sergeant
Aim: a gnoll sergeant, wielding a +1 spear of venom, wearing a +0 scale mail and wearing a +0 kite shield (heavily wounded, 88% to hit)
The searing ray hits the gnoll sergeant.
The gnoll sergeant is severely wounded.
The searing ray hits the gnoll!
You kill the gnoll! (Press . to maintain the ray.)
You hear a shout!
A gnoll comes into view. It is wielding a +0 flail of venom.
Casting: Searing Ray (safe; 1% risk of failure)
Confirm with . or Enter, or press ? or * to list all spells.
Restarting spell: Searing Ray (safe; 1% risk of failure)
Press: ? - help, Shift-Dir - straight line, f/p - gnoll sergeant
Aim: a gnoll sergeant, wielding a +1 spear of venom, wearing a +0 scale mail and wearing a +0 kite shield (severely wounded, 88% to hit)
The searing ray hits the gnoll sergeant but does no damage.
The gnoll sergeant is severely wounded. (Press . to maintain the ray.)
The gnoll sergeant hits you from afar with a +1 spear of venom!
* * * LOW HITPOINT WARNING * * *
You are lethally poisoned!
* * * LOW HITPOINT WARNING * * *
You feel sick.
* * * LOW HITPOINT WARNING * * *
You feel sick.
* * * LOW HITPOINT WARNING * * *
You feel sick.
* * * LOW HITPOINT WARNING * * *
You feel sick.
* * * LOW HITPOINT WARNING * * *
You feel sick.
* * * LOW HITPOINT WARNING * * *
You feel sick.
You hear a shout!
* * * LOW HITPOINT WARNING * * *
You feel sick.
You die...

#.#.?.#..##..######....#########
.#.#.###.........$.)g...'.......>
.....Z.........###.#....#########
.#.#.###......g###.#....# .....#
#...(.......#....# ##.###
#........##.###### ...
...#####..##.# ... .#### #.....#
### #..@#.# #######'#.#.#
#...........# #...........#
#####...........#######
#...)...........#.....#
#.#########[###.#.....# #.#.. ..#
#.....'.....# #.#.#
#.#######.#.....#


You could see a gnoll sergeant.

Vanquished Creatures
  Menkaure (D:4)
  2 water moccasins
  3 ice beasts
  A sky beast (D:7)
  2 ogres
  2 phantoms (D:3)
  Blork the orc (D:5)
  A bullfrog (D:7)
  4 scorpions
  A water moccasin zombie (D:5)
  Dowan (D:6)
  2 wights (D:7)
  A hound (D:5)
  A centaur skeleton (D:5)
  An iguana (D:6)
  Natasha (twice) (D:4)
  2 gnolls (D:6)
  6 adders
  2 dart slugs
  5 orcs
  6 ball pythons
  5 endoplasms
  5 giant cockroaches
  9 goblins
  6 hobgoblins
  2 jackals (D:1)
  3 quokkas
  5 bats
  4 frilled lizards
  4 kobolds (D:1)
  4 rats
94 creatures vanquished.

Notes
Turn   | Place    | Note
-------+----------+-------------------------------------------
     0 | D:1      | psko the Spriggan Conjurer began the quest for the Orb.
     0 | D:1      | Reached XP level 1. HP: 9/9 MP: 5/5
   395 | D:1      | Reached XP level 2. HP: 9/13 MP: 0/6
   998 | D:1      | Reached skill level 3 in Spellcasting
  1002 | D:1      | Learned a level 2 spell: Searing Ray
  1244 | D:1      | Found a faded altar of an unknown god.
  1271 | D:1      | Reached XP level 3. HP: 16/16 MP: 6/8
  1429 | D:2      | Found a hide-covered altar of Uskayaw.
  2399 | D:3      | Found Qukhle's Assorted Antiques.
  2801 | D:3      | Found Nuptaus's Magic Scroll Shop.
  2815 | D:3      | Bought a scroll of identify for 20 gold pieces
  2816 | D:3      | Bought a scroll of identify for 20 gold pieces
  2817 | D:3      | Bought a scroll of identify for 20 gold pieces
  2845 | D:3      | Noticed a phantom
  3542 | D:3      | Killed a phantom
  3543 | D:3      | Reached skill level 4 in Spellcasting
  3543 | D:3      | Reached XP level 4. HP: 14/21 MP: 0/11
  3543 | D:3      | Reached XP level 5. HP: 16/24 MP: 0/12
  4019 | D:4      | Noticed a phantom
  4050 | D:3      | Killed a phantom
  4157 | D:3      | Learned a level 3 spell: Dazzling Flash
  4287 | D:4      | Noticed Natasha
  4291 | D:4      | Killed Natasha
  4292 | D:4      | Reached skill level 5 in Spellcasting
  4324 | D:4      | Reached XP level 6. HP: 26/28 MP: 5/14
  4744 | D:4      | Noticed Menkaure
  4750 | D:4      | Killed Menkaure
  4830 | D:4      | Noticed Natasha
  4834 | D:4      | Killed Natasha
  4838 | D:4      | Found a staircase to the Ecumenical Temple.
  4852 | D:4      | Reached skill level 6 in Spellcasting
  4926 | Temple   | Entered the Ecumenical Temple
  5107 | Temple   | Became a worshipper of Ashenzari the Shackled
  5353 | D:4      | Identified the +0 helmet of Spite {rC- Int+6 Dex+4}
  5626 | D:4      | Noticed Natasha
  5642 | D:5      | Entered Level 5 of the Dungeon
  5675 | D:5      | Noticed Blork the orc
  5684 | D:5      | Killed Blork the orc
  5685 | D:5      | Reached XP level 7. HP: 32/32 MP: 9/17
  5735 | D:5      | Reached skill level 5 in Conjurations
  5752 | D:5      | Reached skill level 7 in Spellcasting
  5789 | D:5      | Found a transporter.
  5860 | D:5      | Found a transporter.
  6168 | D:5      | Reached skill level 8 in Spellcasting
  6257 | D:5      | Reached XP level 8. HP: 4/37 MP: 19/21
  6702 | D:5      | Learned a level 2 spell: Poisonous Vapours
  6830 | D:5      | Found the +7 great mace "Undeadhunter" {disrupt, rN+}
  7106 | D:6      | Learned a level 1 spell: Summon Small Mammal
  7215 | D:6      | Noticed Dowan
  7228 | D:6      | Killed Dowan
  7237 | D:6      | Noticed Duvessa
  7243 | D:6      | HP: 1/37 [Duvessa/+0 short sword (19)]
  7566 | D:7      | Reached skill level 9 in Spellcasting
  7776 | D:7      | Reached skill level 1 in Summonings
  8097 | D:6      | HP: 1/37 [poisoned by a gnoll sergeant]
  8099 | D:6      | Succumbed to a gnoll sergeant's poison

Illustrated notes

Levels and vault maps discovered:
D:1:      dpeg_arrival_more_subterranean_lakeside_camping, layout_basic,
          dilly_ecumenical_altar_fadedgnrine
D:2:      layout_rooms, basic_altar, wad_floor_pattern_1,
          hangedman_abyss_or_decor_stabs
D:3:      layout_basic, serial_shops, shop, nicolae_diamond_shop
D:4:      layout_basic, minmay_temple_entry_junction_2, minivault_26,
          ebering_dispersal_statue_hall, minmay_checkerbox, uniq_menkaure,
          uniq_natasha
D:5:      gammafunk_steamed_eel, layout_gridville, uniq_blork_the_orc
D:6:      layout_basic, minmay_misc_feat_roman, uniq_duvessa, uniq_edmund
D:7:      layout_basic, nicolae_ossuary_entry_plus
Temple:   mainiacjoe_temple_bowtie_tessellation

Skill      XL: |  1  2  3  4  5  6  7  8 |
---------------+-------------------------+-----
Conjurations   | 3 4 5 6 |  6.2
Spellcasting   | 3 4 5 6 8 9 |  9.8
Dodging        | 3 |  3.9
Stealth        | 4 |  4.3
Summonings     | 1 |  1.1
Fighting       | |  0.9
Short Blades   | |  0.4
Air Magic      | |  0.5
Poison Magic   | |  0.9

Action                   |  1- 3 |  4- 6 |  7- 9 || total
-------------------------+-------+-------+-------++-------
Melee: Dagger            |    21 |       |       ||    21
       Staff             |       |       |     8 ||     8
 Cast: Magic Dart        |   135 |    46 |    52 ||   233
       Searing Ray       |    14 |    23 |    89 ||   126
       Summon Small Mamm |       |       |     2 ||     2
       Poisonous Vapours |       |       |     2 ||     2
Evoke: Wand              |       |       |     1 ||     1
  Use: Scroll            |     3 |     1 |     4 ||     8
Armor: Robe              |     9 |       |     3 ||    12
Dodge: Dodged            |    39 |     9 |    35 ||    83
